 Dungeon Crawl Stone Soup version 0.16-a0-3272-g378764d (webtiles) character file.

5707 zercules the Severer (level 10, 0/84 HPs)
             Began as a Hill Orc Fighter on Dec 22, 2014.
             Was a Follower of Wulndraste.
             Slain by a yak (9 damage)
             ... on level 10 of the Dungeon.
             The game lasted 00:39:05 (9210 turns).

zercules the Severer (Hill Orc Fighter)             Turns: 9210, Time: 00:39:05

Health: 0/84       AC: 12    Str: 20    XL:     10   Next: 76%
Magic:  11/11      EV:  7    Int: 11    God:    Wulndraste [*.....]
Gold:   616        SH:  9    Dex: 14    Spells: 0 memorised, 9 levels left

rFire  . . .     SeeInvis .     a - +0 war axe
rCold  . . .     Clarity  .     b - +0 scale mail
rNeg   . . .     SustAb   .     c - +0 shield
rPois  +         Gourm    .     E - +0 hat
rElec  .         Spirit   .     h - +2 cloak
rCorr  .         Warding  .     A - +0 pair of gloves
rMut   .         Stasis   .     P - +0 pair of boots
MR     .....                    (no amulet)
Stlth  ..........               O - ring of poison resistance
                                s - +4 ring of dexterity

@: lethally poisoned, not resistant to hostile enchantments, extremely
unstealthy
A: no striking features
a: Renounce Religion


You were on level 10 of the Dungeon.
You worshipped Wulndraste.
Wulndraste was aware of your devotion.
You were not hungry.

You visited 2 branches of the dungeon, and saw 11 of its levels.

You collected 616 gold pieces.


   Skills:
 - Level 3.6 Fighting
 + Level 18.7 Axes
 - Level 3.3 Armour
 - Level 3.2 Shields


You had 9 spell levels left.
You didn't know any spells.

Dungeon Overview and Level Annotations

Branches:
Dungeon (10/15)            Temple (1/1) D:6            Lair (0/8) D:9
    Orc: D:9-12

Altars:
Ashenzari
Cheibriados
Dithmenos
Elyvilon
Fedhas
Gozag
Kikubaaqudgha
Makhleb
Okawaru
Qazlal
Ru
Sif Muna
Trog
Vehumet Wulndraste
Xom
Yredelemnul
Zin
The Shining One

Inventory:

Hand weapons
 a - a +0 war axe (weapon)
Missiles
 y - 2 throwing nets (quivered)
Armour
 b - a +0 scale mail (worn)
 c - a +0 shield (worn)
 h - a +2 cloak (worn)
 A - a +0 pair of gloves (worn)
 E - a +0 hat (worn)
 P - a +0 pair of boots (worn)
Jewellery
 s - a +4 ring of dexterity (left hand)
 O - a ring of poison resistance (right hand)
Magical devices
 e - a wand of slowing (27)
 i - a wand of draining (6)
 F - a wand of hasting (5) {@v3}
 G - a wand of fire (0)
 N - a wand of disintegration (9)
Scrolls
 j - 2 scrolls of remove curse {@r8}
 o - 2 scrolls of amnesia {unknown}
 p - 2 scrolls of enchant armour
 r - a scroll of recharging {unknown}
 t - a scroll of teleportation {@r4}
 u - a scroll of random uselessness {unknown}
 v - a scroll of immolation {unknown}
 B - a scroll of blinking {unknown}
 C - 2 scrolls of magic mapping {unknown}
 J - 2 scrolls of torment {unknown}
 K - a scroll of acquirement {unknown}
 L - a scroll of enchant weapon {unknown}
 Q - a scroll of silence {unknown}
Potions
 f - a potion of flight {unknown}
 g - 4 potions of curing {@q1}
 k - 2 potions of brilliance
 l - 2 potions of restore abilities
 m - 2 potions of cure mutation
 n - a potion of agility {unknown}
 w - 3 potions of might
 x - a potion of invisibility {unknown}
 D - a potion of haste {unknown}
 H - 2 potions of ambrosia {unknown}
 I - a potion of berserk rage {unknown}
Books
 M - an Akashic Record {highlevel, unknown}
 S - a book of Geomancy
Comestibles
 d - 5 meat rations
 q - 8 bread rations
 z - 5 beef jerkies
 R - a slice of pizza

.#.##....(..##
..#
..........((?##
#.#
####.....(...#
#.#
.####.../.#.##.#
#.#
.........##.#
.....
.#####.).##..
.#.. #.YY)###..
# #.Y#..YY.....
#@.#####..##
#..# ..# #....
#.#### #.# ...
... ... ...


You could see 3 yaks.


Message History

You slice the centaur!!
You kill the centaur!
You feel sick.
You hit the yak.
The yak is lightly wounded.
You feel sick. The yak completely misses you.
You slash the yak!
The yak is moderately wounded.
You hit the yak.
The yak is moderately wounded.
You feel sick. The yak gores you but does no damage.
You slash the yak!
The yak is heavily wounded.
You feel sick. The yak gores you but does no damage.
An orc priest comes into view. It is wielding a flail.
You hit the yak.
The yak is severely wounded.
You hit the orc.
The orc is moderately wounded.
The yak gores you but does no damage. You block the orc's attack.
You hit the yak but do no damage.
The yak is severely wounded.
You hit the orc.
You kill the orc!
You feel sick. The yak gores you but does no damage.
You slash the yak!
The yak is almost dead.
The orc priest becomes somewhat translucent.
The yak gores you!
* * * LOW HITPOINT WARNING * * *
An orc comes into view. It is wielding a hand axe.
You completely miss the yak.
The yak is almost dead.
You feel sick.
The orc priest mumbles some strange prayers to Beogh against you.
Pain shoots through your body!
* * * LOW HITPOINT WARNING * * *
You slash the yak!
You kill the yak!
The orc priest's eyes start to glow.
You feel sick. The orc barely misses you.
You hit the orc.
The orc is severely wounded.
The orc closely misses you.
You slash the orc!
You kill the orc!
You slash the orc priest!
The orc priest is severely wounded.
You feel sick.
You slash the orc priest!
You kill the orc priest!
No target in view!
A yak comes into view.
The yak bellows!
A yak comes into view.
Things that are here:
a hand axe; a ring mail; an orc corpse You feel sick.
The yak bellows!
A yak comes into view.
Things that are here:
a flail; a leather armour; an orc corpse The yak bellows!
You feel sick.
You see here a leatherbound book.
S - a book of Geomancy You block the yak's attack.
You barely miss the yak.
You feel sick.
You completely miss the yak. The yak gores you!
You die...

Action                   |  1- 3 |  4- 6 |  7- 9 | 10-12 || total
-------------------------+-------+-------+-------+-------++-------
Melee: War axe           |   155 |   201 |   491 |   258 ||  1105
Throw: Throwing net      |       |       |     3 |       ||     3
Evoke: Wand              |       |       |     4 |       ||     4
  Use: Potion            |       |     2 |     1 |     1 ||     4
       Scroll            |       |       |     8 |       ||     8
 Stab: Held in net/web   |       |       |     3 |       ||     3
  Eat: Chunk             |       |     4 |     9 |     6 ||    19
       Fruit             |       |     1 |     3 |       ||     4
       Beef jerky        |       |       |     3 |       ||     3
       Pizza             |       |       |       |     1 ||     1

Vault maps used:
D:1:      minmay_arrival_up_and_down, minmay_tree_intersection,
          minmay_lizard_king
D:2:      lemuel_doored_altar, first_bread
D:3:      grunt_decor_arrowhead, roderic_batcave, uniq_jessica, uniq_sigmund,
          uniq_crazy_yiuf_cottage
D:5:      basic_altar
D:6:      minmay_temple_entry_grid, basic_altar
D:7:      grunt_tough_drop
D:8:      grunt_ogre_cave, minmay_misc_feat_enclosed, grunt_ministairs_11,
          uniq_joseph, uniq_blork_the_orc
D:9:      minitemple, fedhas_altar_4, kennysheep_little_box, lair_0_dummy,
          grunt_dithmenos_smoke
D:10:     serial_shops, shop, shop_statue, shop, uniq_nergalle
Temple:   circular_temple_12

Notes
Turn   | Place    | Note
--------------------------------------------------------------
     0 | D:1      | zercules, the Hill Orc Fighter, began the quest for the Orb.
     0 | D:1      | Reached XP level 1. HP: 19/19 MP: 1/1
    50 | D:1      | Reached skill level 3 in Axes
   126 | D:1      | Reached XP level 2. HP: 15/26 MP: 2/2
   161 | D:1      | Reached skill level 4 in Axes
   469 | D:1      | Reached XP level 3. HP: 31/31 MP: 3/3
   613 | D:2      | Reached skill level 5 in Axes
   824 | D:3      | Reached XP level 4. HP: 26/39 MP: 4/4
  1060 | D:3      | Reached skill level 6 in Axes
  1170 | D:3      | Noticed Crazy Yiuf
  1178 | D:3      | Killed Crazy Yiuf
  1236 | D:3      | Reached XP level 5. HP: 35/45 MP: 5/5
  1356 | D:3      | Reached skill level 7 in Axes
  1372 | D:3      | Noticed Jessica
  1386 | D:3      | Killed Jessica
  1406 | D:3      | Noticed Sigmund
  1413 | D:3      | Killed Sigmund
  1413 | D:3      | Reached skill level 8 in Axes
  1413 | D:3      | Reached XP level 6. HP: 38/51 MP: 6/6
  1513 | D:4      | HP: 12/51 [iguana (3)]
  1517 | D:4      | HP: 5/51 [iguana (6)]
  2003 | D:4      | Reached skill level 9 in Axes
  2186 | D:4      | Reached XP level 7. HP: 35/57 MP: 7/7
  2255 | D:5      | Entered Level 5 of the Dungeon
  2462 | D:5      | Reached skill level 10 in Axes
  2694 | D:5      | Found a deep blue altar of Sif Muna.
  2982 | D:5      | HP: 11/57 [goliath beetle (16)]
  3223 | D:6      | Reached skill level 11 in Axes
  3414 | D:6      | Reached XP level 8. HP: 62/64 MP: 8/8
  3614 | D:6      | Found a shadowy altar of Dithmenos.
  3620 | D:6      | Noticed zercules' ghost (experienced OgHu)
  3799 | D:7      | Reached skill level 12 in Axes
  4213 | D:7      | Reached skill level 13 in Axes
  4706 | D:8      | Noticed Blork the orc
  4723 | D:8      | Killed Blork the orc
  4723 | D:8      | Reached XP level 9. HP: 52/70 MP: 9/9
  4731 | D:8      | Reached skill level 14 in Axes
  5227 | D:8      | Noticed Joseph
  5241 | D:8      | Killed Joseph
  5498 | D:8      | Reached skill level 15 in Axes
  5788 | D:8      | HP: 13/70 [orc priest/divine providence (12)]
  6626 | D:9      | Found a staircase to the Lair.
  6791 | D:6      | HP: 13/70 [zercules' ghost (9)]
  6795 | D:6      | Killed zercules' ghost
  6795 | D:6      | Reached skill level 16 in Axes
  7072 | D:6      | Reached XP level 10. HP: 46/77 MP: 10/10
  7210 | D:6      | Found a staircase to the Ecumenical Temple.
  7225 | Temple   | Entered the Ecumenical Temple
  7249 | Temple   | Became a worshipper of Wulndraste the Wayfarer
  7324 | D:6      | Noticed a hungry ghost
  7338 | D:6      | Killed a hungry ghost
  7338 | D:6      | Reached skill level 17 in Axes
  7948 | D:9      | Found a shadowy altar of Dithmenos.
  7955 | D:9      | Found a basalt altar of Yredelemnul.
  7956 | D:9      | Found an ancient bone altar of Kikubaaqudgha.
  7970 | D:9      | Found an iron altar of Okawaru.
  7971 | D:9      | Found a snail-covered altar of Cheibriados.
  8017 | D:9      | Found a burning altar of Makhleb.
  8249 | D:9      | Found a shadowy altar of Dithmenos.
  8441 | D:9      | HP: 17/77 [yak (6)]
  8446 | D:9      | HP: 10/77 [yak (8)]
  8451 | D:9      | HP: 16/77 [hippogriff (1)]
  8459 | D:9      | Reached skill level 18 in Axes
  9048 | D:9      | Found a blossoming altar of Fedhas.
  9092 | D:10     | Entered Level 10 of the Dungeon
  9148 | D:10     | Acquired Wulndraste's first power
  9195 | D:10     | HP: 16/84 [yak (9)]
  9200 | D:10     | HP: 7/84 [poisoned by a centaur]
  9205 | D:10     | HP: 8/84 [poisoned by a centaur]
  9210 | D:10     | Slain by a yak

Vanquished Creatures
  The ghost of zercules the Basher, an experienced OgHu (D:6)
  Joseph (D:8)
  3 hippogriffs
  A hungry ghost (D:6)
  6 yaks
  An ice beast (D:9)
  2 orc warriors
  An eye of draining (D:8)
  2 sky beasts
  3 ogres
  Sigmund (D:3)
  A crocodile (D:9)
  A centaur (D:10)
  A big kobold (D:9)
  5 giant frogs
  Blork the orc (D:8)
  A gnoll sergeant (D:8)
  A wyvern skeleton (D:10)
  3 scorpions
  9 wights
  3 crimson imps
  A goliath beetle (D:6)
  3 hounds
  A giant frog zombie (D:5)
  2 jellies (D:7)
  A yellow wasp zombie (D:8)
  Crazy Yiuf (D:3)
  2 orc priests
  A centaur skeleton (D:5)
  2 orc wizards
  3 iguanas
  10 worker ants
  A killer bee zombie (D:9)
  Jessica (D:3)
  A hound zombie (D:9)
  A worker ant zombie (D:10)
  2 hound skeletons
  9 gnolls
  9 adders
  A worm (D:3)
  4 shadow imps
  2 adder zombies
  2 adder skeletons
  5 giant geckos
  An ooze (D:1)
  15 orcs
  22 bats
  A bat skeleton (D:5)
  2 bat zombies
  5 giant cockroaches
  9 goblins
  15 hobgoblins
  21 jackals
  4 quokkas
  A ball python (D:5)
  3 giant gecko skeletons
  4 giant newts
  A giant spore (D:8)
  A goblin zombie (D:7)
  18 kobolds
  17 rats
  A ballistomycete (D:8)
254 creatures vanquished.

Vanquished Creatures (others)
  A wight (D:10)
  A giant spore (D:10)
2 creatures vanquished.

Grand Total: 256 creatures vanquished
